 Dungeon Crawl Stone Soup version 0.23.2-40-g277498a001 (webtiles) character file.

Game seed: 15826796201770472059

4291 Curus the Cruncher (level 10, 0/60 HPs)
             Began as a Demonspawn Gladiator on Oct 15, 2019.
             Was an Elder of Lugonu.
             Killed by divine providence
             ... invoked by an orc priest
              (16 damage)
             ... on level 9 of the Dungeon.
             The game lasted 00:39:56 (7440 turns).

Curus the Cruncher (Demonspawn Gladiator)           Turns: 7440, Time: 00:39:57

Health: 0/60       AC: 12    Str: 14    XL:     10   Next: 11%
Magic:  16/17      EV: 13    Int: 11    God:    Lugonu [****..]
Gold:   338        SH:  0    Dex: 17    Spells: 9/9 levels left

rFire    . . .     SeeInvis .   a - +0 quarterstaff
rCold    . . .     Gourm    +   (shield currently unavailable)
rNeg     . . .     Faith    .   b - +2 leather armour
rPois    +         Spirit   .   c - +1 helmet
rElec    .         Reflect  .   (no cloak)
rCorr    .         Harm     .   (no gloves)
MR       .....                  (no boots)
Stlth    +.........             e - amulet of the gourmand
HPRegen  0.20/turn              m - ring of poison resistance
MPRegen  0.15/turn              y - +2 ring of protection

@: no status effects
A: slimy green scales 2, blink, frail 1, foul stench 1, sense surroundings 1,
spiny 3, rot immunity
a: Blink, Depart the Abyss, Bend Space, Banish, Corrupt, Renounce Religion


You were on level 9 of the Dungeon.
You worshipped Lugonu.
Lugonu was greatly pleased with you.
You were not hungry.

You visited 3 branches of the dungeon, and saw 11 of its levels.
You also visited: Ossuary.

You collected 338 gold pieces.

Inventory:

Hand Weapons
 a - a +0 quarterstaff (weapon)
Missiles
 d - 4 throwing nets (quivered)
Armour
 b - a +2 leather armour (worn)
 c - a +1 helmet (worn)
Jewellery
 e - an amulet of the gourmand (around neck)
 g - an uncursed ring of protection from fire
 m - a ring of poison resistance (left hand)
 n - an uncursed ring of magical power
 s - an uncursed ring of attention
 w - a -5 ring of strength
 y - a +2 ring of protection (right hand)
Wands
 p - a wand of enslavement (7)
 q - a wand of flame (18)
 t - a wand of disintegration (8)
 v - a wand of random effects (13)
 x - a wand of polymorph (10)
 z - a wand of clouds (7)
Scrolls
 h - 3 scrolls of magic mapping
 i - 5 scrolls of teleportation
 k - 7 scrolls of identify
 l - 3 scrolls of blinking
 r - 3 scrolls of remove curse
 u - a scroll of amnesia
Potions
 j - 4 potions of flight
 o - 4 potions of curing
Comestibles
 f - 16 rations


   Skills:
 + Level 2.3 Fighting
 - Level 11.5 Staves
 - Level 1.7 Throwing
 + Level 2.9 Dodging
 - Level 9.9 Invocations


You had 9 spell levels left.
You didn't know any spells.
Your spell library contained the following spells:

 Spells                   Type           Power        Failure   Level  Hunger
 Animate Skeleton         Necr           N/A          41%         1    ##.....
 Apportation              Tloc           #.....       41%         1    ##.....
 Beastly Appendage        Tmut           #.....       41%         1    ##.....
 Confusing Touch          Hex            #.....       41%         1    ##.....
 Summon Small Mammal      Summ           #...         41%         1    ##.....
 Sticks to Snakes         Tmut           #.......     56%         2    ###....
 Spider Form              Tmut/Pois      #.........   80%         3    ####...
 Ice Form                 Ice/Tmut       #.......     99%         4    #####..
 Blade Hands              Tmut           #.........   100%        5    ######.


Dungeon Overview and Level Annotations

Branches:
Dungeon (9/15)             Temple (1/1) D:4            Lair (1/6) D:9
    Orc: D:9-12

Altars:
Ashenzari
Cheibriados
Dithmenos
Fedhas
Gozag
Hepliaklqana
Kikubaaqudgha
Makhleb
Nemelex Xobeh
Okawaru
Qazlal
Ru
Sif Muna
Trog
Uskayaw
Vehumet
Wu Jian
Xom
Yredelemnul
Zin
The Shining One
Lugonu


Innate Abilities, Weirdness & Mutations

You are mostly covered in slimy green scales. (AC +3)
You may emit foul miasma when damaged in melee.
You are completely covered in sharp spines.
You are immune to rotting.
You can translocate small distances at will.
You are frail. (-10% HP)
You passively map a small area around you.


Message History

The yak looks sick.
The yak is struck by your spines. The yak gores you but does no damage.
You climb upwards.
Welcome back to the Dungeon!
There is a staircase to the Lair here.
You barely miss the yak.
The yak is lightly wounded.
The yak is struck by your spines. The yak closely misses you.
An orc priest comes into view.
You barely miss the yak.
The yak is moderately wounded.
The yak is struck by your spines. The yak misses you.
The yak is struck by your spines. The yak gores you but does no damage.
Okay, then.
Unknown command.
Unknown command.
Unknown command.
Space bends around you!
You blink.
The orc priest invokes the aid of Beogh against you.
Beogh smites you!
You die...

..................#####... *
.......##.........#.......
.##....##.....###.........,
.......##...####.....####., ,
.†..........##.........######+###
##########..#...........#........
* #.........Y.P....[......
#........§.......... ..
#.#....@.Y........# #.
#.##...........#..# #.
#.###.........##..# #. #.#
###.....####..#####. #.#
.##...o.......o... #.
..,................ ###
###'####+###.... .. , #.... #.###


You could see 2 yaks and an orc priest.

Vanquished Creatures
  3 hippogriffs
  Sigmund (D:5)
  2 wargs
  Duvessa (D:4)
  4 ice beasts
  3 orc warriors
  A sky beast (D:8)
  2 ogres
  A phantom (D:6)
  A centaur (D:6)
  A crocodile (Lair:1)
  A big kobold (D:7)
  8 bullfrogs
  A scorpion (D:6)
  Dowan (D:4)
  4 killer bees (D:7)
  3 crimson imps
  A centaur zombie (Ossuary)
  A bullfrog zombie (D:6)
  A jelly (D:8)
  A gnoll shaman (D:4)
  4 hounds
  4 orc priests (D:9)
  3 orc wizards
  An iguana (D:7)
  Ijyb (D:5)
  4 worker ants
  A big kobold zombie (Ossuary)
  2 hound zombies
  2 hound skeletons
  2 mummies (Ossuary)
  7 gnolls
  13 adders
  2 shadow imps
  An ooze (D:1)
  2 adder zombies (Ossuary)
  2 adder skeletons
  2 worms
  2 dart slugs
  10 leopard geckos
  15 orcs
  A ball python (D:6)
  4 bats
  4 giant cockroaches
  5 goblins
  5 hobgoblins
  4 jackals
  8 kobolds
  A quokka (D:2)
  3 frilled lizards
  2 goblin zombies (Ossuary)
  9 hobgoblin zombies (Ossuary)
  5 jackal zombies (Ossuary)
  6 kobold zombies (Ossuary)
  9 orc zombies (Ossuary)
  A quokka skeleton (D:4)
  5 rats
  A rat zombie (Ossuary)
195 creatures vanquished.

Vanquished Creatures (others)
  A gargoyle (D:9)
1 creature vanquished.

Grand Total: 196 creatures vanquished

Notes
Turn   | Place    | Note
-------+----------+-------------------------------------------
     0 | D:1      | Curus the Demonspawn Gladiator began the quest for the Orb.
     0 | D:1      | Reached XP level 1. HP: 16/16 MP: 1/1
    33 | D:1      | Reached skill level 3 in Staves
   145 | D:1      | Gained mutation: You are partially covered in sharp spines.
                  | [demonic ancestry]
   145 | D:1      | Reached XP level 2. HP: 19/22 MP: 2/2
   421 | D:2      | You fall through a shaft for 2 floors!
   457 | D:3      | Reached XP level 3. HP: 24/27 MP: 3/3
   482 | D:2      | Reached skill level 4 in Staves
   601 | D:2      | Gained mutation: You are partially covered in slimy green
                  | scales. (AC +2) [demonic ancestry]
   601 | D:2      | Reached XP level 4. HP: 9/33 MP: 4/4
  1234 | D:2      | Found a shattered altar of Ashenzari.
  2053 | D:3      | Reached skill level 5 in Staves
  2246 | D:4      | Noticed an ogre
  2252 | D:4      | Gained mutation: You are mostly covered in sharp spines.
                  | [demonic ancestry]
  2252 | D:4      | Reached XP level 5. HP: 38/38 MP: 5/5
  2255 | D:4      | Killed an ogre
  2255 | D:4      | Reached skill level 6 in Staves
  2258 | D:4      | Found a staircase to the Ecumenical Temple.
  2274 | Temple   | Entered the Ecumenical Temple
  2288 | Temple   | Became a worshipper of Lugonu the Unformed
  2288 | Temple   | Reached * piety under Lugonu
  2317 | D:4      | Noticed Dowan
  2319 | D:4      | Noticed Duvessa
  2324 | D:4      | Gained mutation: You are immune to rotting. [demonic
                  | ancestry]
  2324 | D:4      | Reached XP level 6. HP: 40/44 MP: 6/6
  2782 | D:4      | Reached skill level 1 in Invocations
  3110 | D:4      | Killed Dowan
  3543 | D:4      | Killed Duvessa
  3543 | D:4      | Reached skill level 7 in Staves
  3543 | D:4      | Gained mutation: You are mostly covered in slimy green
                  | scales. (AC +3) [demonic ancestry]
  3543 | D:4      | Reached XP level 7. HP: 19/50 MP: 7/9
  3903 | D:5      | Entered Level 5 of the Dungeon
  4242 | D:5      | Noticed Sigmund
  4245 | D:5      | Reached ** piety under Lugonu
  4253 | D:5      | Killed Sigmund
  4355 | D:5      | Found a burning altar of Makhleb.
  4357 | D:5      | Found a glowing golden altar of the Shining One.
  4360 | D:5      | Found a stormy altar of Qazlal.
  4361 | D:5      | Found a sacrificial altar of Ru.
  4362 | D:5      | Found a bloodstained altar of Trog.
  4362 | D:5      | Found a snail-covered altar of Cheibriados.
  4362 | D:5      | Found a deep blue altar of Sif Muna.
  4364 | D:5      | Found an ornate altar of the Wu Jian Council.
  4367 | D:5      | Found a hazy altar of Hepliaklqana.
  4449 | D:5      | Noticed Ijyb
  4469 | D:5      | Killed Ijyb
  4486 | D:5      | Found a glowing silver altar of Zin.
  4511 | D:6      | Found a shadowy altar of Dithmenos.
  4522 | D:6      | Reached skill level 8 in Staves
  4602 | D:6      | Reached skill level 5 in Invocations
  4602 | D:6      | Gained mutation: You may emit foul miasma when damaged in
                  | melee. [demonic ancestry]
  4602 | D:6      | Reached XP level 8. HP: 55/56 MP: 11/11
  4810 | D:6      | Found a sand-covered staircase.
  4815 | Ossuary  | Entered an ossuary
  4918 | Ossuary  | Reached *** piety under Lugonu
  4989 | Ossuary  | Gained mutation: You are frail. (-10% HP) [potion of
                  | mutation]
  4989 | Ossuary  | Gained mutation: You can translocate small distances at
                  | will. [potion of mutation]
  4989 | Ossuary  | Gained mutation: You passively map a small area around you.
                  | [potion of mutation]
  5145 | D:6      | Reached skill level 9 in Staves
  5720 | D:7      | Reached **** piety under Lugonu
  5731 | D:7      | Reached XP level 9. HP: 54/54 MP: 14/14
  5948 | D:7      | Reached skill level 10 in Staves
  6434 | D:8      | Found an iron altar of Okawaru.
  6536 | D:8      | Found a shadowy altar of Dithmenos.
  6625 | D:9      | Found a shimmering altar of Xom.
  6644 | D:9      | Reached skill level 11 in Staves
  6897 | D:9      | Found a staircase to the Lair.
  6961 | D:9      | Noticed a gargoyle
  6962 | D:9      | Banished a gargoyle
  7228 | D:9      | Gained mutation: You are completely covered in sharp
                  | spines. [demonic ancestry]
  7228 | D:9      | Reached XP level 10. HP: 25/60 MP: 17/17
  7423 | Lair:1   | Entered Level 1 of the Lair of Beasts
  7440 | D:9      | Killed from afar by an orc priest

Skill      XL: |  1  2  3  4  5  6  7  8  9 |
---------------+----------------------------+-----
Staves         | 3 4 5 6 7 8 9 11 | 11.5
Invocations    | 3 5 7 9 |  9.9
Fighting       | |  2.3
Throwing       | |  1.7
Dodging        | |  2.9

Action                   |  1- 3 |  4- 6 |  7- 9 | 10-12 || total
-------------------------+-------+-------+-------+-------++-------
Melee: Quarterstaff      |    61 |   142 |   343 |    24 ||   570
       Unarmed           |       |       |     5 |       ||     5
Throw: Throwing net      |       |     1 |       |       ||     1
Invok: Banish            |       |       |     1 |       ||     1
       Bend Space        |       |       |       |     1 ||     1
Evoke: Wand              |       |       |     6 |       ||     6
  Use: Scroll            |     7 |     4 |     5 |       ||    16
       Potion            |       |     3 |     5 |       ||     8
 Stab: Sleeping          |     1 |     1 |     3 |       ||     5
  Eat: Chunk             |       |     8 |     9 |     2 ||    19
       Ration            |       |       |     1 |       ||     1
Armor: Leather armour    |    20 |    31 |   111 |    12 ||   174
       Skin              |       |       |     2 |       ||     2
Dodge: Dodged            |    33 |    71 |   181 |    10 ||   295
